 Dungeon Crawl Stone Soup version 0.27-a0-972-gd1521fd518 (webtiles) character file.

Game seed: 11487681048863031793

50 kae the Insei (level 3, -8/29 HPs)
             Began as a Draconian Transmuter on Apr 13, 2021.
             Was a Follower of Jiyva.
             Killed from afar by Natasha (10 damage)
             ... with a magic dart
             ... on level 3 of the Dungeon.
             The game lasted 00:01:00 (2115 turns).

kae the Insei (Draconian Transmuter)                Turns: 2115, Time: 00:01:01

Health: -8/29      AC:  5    Str: 11    XL:     3   Next: 55%
Magic:  5/6        EV: 12    Int: 14    God:    Jiyva [*.....]
Gold:   19         SH:  0    Dex: 12    Spells: 5/6 levels left

rFire    . . .     SeeInvis .     - Unarmed
rCold    . . .     Faith    .   (no shield)
rNeg     . . .     Spirit   .   (armour unavailable)
rPois    .         Reflect  .   (helmet currently unavailable)
rElec    .         Harm     .   (no cloak)
rCorr    .         Rampage  .   (no gloves)
Will     .....                  (boots currently unavailable)
Stlth    +.........             (no amulet)
HPRegen  0.09/turn              (no ring)
MPRegen  0.10/turn              (no ring)

@: appendages (expiring), slowed, very slow
A: horns 2, talons 2, AC +5, unfitting armour, cold-blooded
a: End Transformation, Renounce Religion, Request Jelly


You were on level 3 of the Dungeon.
You worshipped Jiyva.
Jiyva was aware of your devotion.
You had temporarily grown beastly horns and talons.
You visited 1 branch of the dungeon, and saw 3 of its levels.

You collected 19 gold pieces.

Inventory:

Scrolls
 a - 4 scrolls of teleportation {unknown}
 c - a scroll of summoning {unknown}
Potions
 b - a potion of haste
 d - 2 potions of invisibility {unknown}


   Skills:
 + Level 1.6 Fighting
 + Level 2.0 Dodging
 * Level 3.5 Unarmed Combat
 + Level 2.2 Spellcasting
 * Level 2.7 Transmutations


You had 5 spell levels left.
You knew the following spells:

 Your Spells              Type           Power      Damage    Failure   Level
a - Beastly Appendage     Tmut           18%        N/A       8%          1

Your spell library contained the following spells:

 Spells                   Type           Power      Damage    Failure   Level
 Wereblood                Tmut           9%         N/A       12%         2
 Spider Form              Tmut/Pois      2%         N/A       36%         3
 Ice Form                 Ice/Tmut       5%         N/A       78%         4
 Hydra Form               Tmut           4%         N/A       91%         5


Dungeon Overview and Level Annotations

Branches:
Dungeon (3/15)

Altars:
Jiyva

Shops:
D:1 (

Annotations:
D:3 Natasha


Innate Abilities, Weirdness & Mutations

You have temporarily grown beastly horns and talons.
Your plain brown scales are hard. (AC +5)
You cannot fit into any form of body armour.
You are cold-blooded and may be slowed by cold attacks.


Message History

Natasha is nearby!
You hit Natasha.
Natasha is heavily wounded.
Natasha claws you!
You hit Natasha but do no damage.
Natasha is heavily wounded.
Natasha claws you. Natasha claws you but does no damage.
Natasha is nearby!
Casting: Beastly Appendage (safe; 8% risk of failure)
Confirm with . or Enter, or press ? or * to list all spells.
You grow a pair of large bovine horns.
Your feet morph into talons.
Natasha claws you.
Your transformation is almost over.
Natasha closely misses you.
Natasha stares at you and mumbles some strange words.
The magic dart hits you.
You are too injured to fight recklessly!
You are too injured to fight recklessly!
Natasha is nearby!
You are too injured to fight recklessly!
You are too injured to fight recklessly!
Natasha is nearby!
You are too injured to fight recklessly!
You are too injured to fight recklessly!
You closely miss Natasha.
Your tail-slap misses Natasha.
Natasha is heavily wounded.
Natasha claws you.
* * * LOW HITPOINT WARNING * * *
You barely miss Natasha.
You tail-slap Natasha, but do no damage.
Natasha is heavily wounded.
Natasha closely misses you.
You hit Natasha. You headbutt Natasha, but do no damage.
You tail-slap Natasha, but do no damage.
Natasha is almost dead.
Natasha claws you.
* * * LOW HITPOINT WARNING * * *
Natasha stares at you and mumbles some strange words.
The magic dart hits you!
You die...

#.#.#.....##.####.#####
#........###.# #..)...#
#######.## #.###..###.#
# #.# #......# #.# #
#.# #####..# #.# # #+#
#..# #.# # #..# #.# #
#..# #.# # #@.# #.# ###
#..h......# ..+
+...../.### ###
#.##...## # #. ##..# #
# ...# # ##.# .#


You could see Natasha.

Vanquished Creatures
  An adder (D:2)
  A worm (D:2)
  3 dart slugs
  2 ball pythons
  2 endoplasms (D:1)
  2 giant cockroaches (D:1)
  4 goblins
  4 hobgoblins
  2 jackals (D:2)
  5 bats
  3 frilled lizards (D:1)
  2 kobolds
31 creatures vanquished.

Vanquished Creatures (others)
  3 adders
  A ball python (D:2)
  2 endoplasms (D:2)
  2 hobgoblins
  A jackal (D:2)
  A kobold (D:2)
  A bat (D:2)
  2 frilled lizards (D:2)
  2 rats
15 creatures vanquished.

Grand Total: 46 creatures vanquished

Notes
Turn   | Place    | Note
-------+----------+-------------------------------------------
     0 | D:1      | kae the Draconian Transmuter began the quest for the Orb.
     0 | D:1      | Reached XP level 1. HP: 16/16 MP: 3/3
   104 | D:1      | Reached XP level 2. HP: 15/23 MP: 3/5
   472 | D:1      | Found Mapn's Antique Weapon Shoppe.
   497 | D:1      | Found a faded altar of an unknown god.
   510 | D:1      | Became a worshipper of Jiyva Jongaef the Shapeless
   510 | D:1      | Reached * piety under Jiyva
   758 | D:2      | Reached XP level 3. HP: 20/28 MP: 4/6
  1390 | D:2      | Found Ketuuth's Distillery.
  2106 | D:3      | Noticed Natasha
  2115 | D:3      | Killed from afar by Natasha

Illustrated notes

Levels and vault maps discovered:
D:1:      dpeg_arrival_connections, layout_rooms, serial_shops, shop,
          chequers_ecumenical_altar_island, serial_aquarium,
          aquarium_bridge_square [aquarium_subvault_wall,
          aquarium_subvault_bridge, aquarium_subvault_bridge,
          aquarium_subvault_wall], aquarium_window_fake, aquarium_window_2,
          aquarium_view_2d, aquarium_pool_2, item_on_display_a
D:2:      layout_basic, serial_shops, shop
D:3:      layout_loops_corners, kennysheep_decorative_pillar, uniq_natasha

Skill      XL: |  1  2 |
---------------+-------+-----
Dodging        | 2 |  2.0
Fighting       | |  1.6
Unarmed Combat | |  3.5
Spellcasting   | |  2.2
Transmutations | |  2.7

Action                   || total
-------------------------++-------
Melee: Unarmed           ||    98
       Kick              ||    11
       Tailslap          ||    14
       Headbutt          ||     8
       Punch             ||     1
 Cast: Beastly Appendage ||    21
  Use: Potion            ||     1
 Stab: Sleeping          ||     1
Armor: Skin              ||    31
Dodge: Dodged            ||    62

Table legend: (Time is in decaauts)
 A = Elapsed time spent in this place.
 B = Non-inter-level travel time spent in this place.
 C = Inter-level travel time spent in this place.
 D = Time resting spent in this place.
 E = Time spent auto-exploring this place.
 F = Levels seen in this place.
 G = Mean time per level.
                   A        B        C        D        E       F      G
               +--------+--------+--------+--------+--------+-----+--------+
         Total |   2101 |   2008 |     93 |      0 |   1764 |   3 |  700.3 |
       Dungeon |   2101 |   2008 |     93 |      0 |   1764 |   3 |  700.3 |
               +--------+--------+--------+--------+--------+-----+--------+

Top non-repeatable levels by time:
     D:2: 1042 daAuts
     D:1: 746 daAuts
     D:3: 312 daAuts
